 Dungeon Crawl Stone Soup version 0.28-a0-677-g3278d6a771 (webtiles) character file.

Game seed: 9649765730488209010

1292 Gargoyl the Skirmisher (level 8, 0/57 (67) HPs)
             Began as a Gnoll Abyssal Knight on Oct 18, 2021.
             Was a Priest of Lugonu.
             Slain by a wight (2 damage)
             ... on level 6 of the Dungeon.
             The game lasted 00:07:07 (5482 turns).

Gargoyl the Skirmisher (Gnoll Abyssal Knight)       Turns: 5482, Time: 00:07:08

HP:   0/57 (67)     AC: 17    Str: 18    XL:     8   Next: 56%
MP:   31/31         EV:  8    Int: 11    God:    Lugonu [***...]
Gold: 180           SH:  0    Dex: 12    Spells: 13/13 levels left

rFire   . . .      SeeInvis .   w - +2 falchion of Destiny {freeze, rElec MP+9 Str+4}
rCold   . . .      Faith    .   (no shield)
rNeg    . . .      Spirit   .   g - +0 chain mail
rPois   .          Reflect  .   j - +2 helmet
rElec   +          Harm     .   (no cloak)
rCorr   .          Rampage  .   (no gloves)
Will    .....                   (no boots)
Stlth   ..........              c - amulet of regeneration
HPRegen 1.19/turn               n - +4 ring of protection
MPRegen 0.22/turn               r - ring of magical power

@: heavily drained
A: fangs 1, strong nose, distributed training
a: Renounce Religion, Depart the Abyss, Bend Space, Banish


You were on level 6 of the Dungeon.
You worshipped Lugonu.
Lugonu was most pleased with you.
You visited 1 branch of the dungeon, and saw 7 of its levels.
You visited the Abyss 1 time.

You collected 300 gold pieces.
You spent 120 gold pieces at shops.

Inventory:

Hand Weapons
 a - a +3 vorpal hand axe
 i - a +1 hand axe of flaming
 w - the +2 falchion of Destiny (weapon) {freeze, rElec MP+9 Str+4}
   (You found it on level 5 of the Dungeon)

   It freezes those it strikes, dealing additional cold damage.
   It can also slow down cold-blooded creatures.
   Str:       It affects your strength (+4).
   rElec:     It insulates you from electricity.
   MP:        It affects your magic capacity (+9).
Missiles
 o - 2 throwing nets
Armour
 g - a +0 chain mail (worn)
 j - a +2 helmet (worn)
Jewellery
 c - an amulet of regeneration (around neck)
 n - a +4 ring of protection (left hand)
 r - a ring of magical power (right hand)
Wands
 b - a wand of mindburst (13)
 m - a wand of paralysis (5)
Scrolls
 s - a scroll of identify
Potions
 d - 5 potions of curing
 e - 2 potions of flight
 f - 3 potions of heal wounds
 h - a potion of ambrosia
 k - a potion of might
 l - a potion of haste
 p - a potion of berserk rage {unknown}
 q - a potion of lignification {unknown}
 u - a potion of attraction {unknown}


   Skills:
 + Level 7.4 Fighting
 + Level 3.3 Short Blades
 + Level 3.3 Long Blades
 + Level 5.7 Axes
 + Level 3.3 Maces & Flails
 + Level 3.3 Polearms
 + Level 3.3 Staves
 + Level 3.3 Slings
 + Level 3.3 Bows
 + Level 3.3 Crossbows
 + Level 3.3 Throwing
 + Level 5.7 Armour
 + Level 4.3 Dodging
 + Level 3.3 Stealth
 + Level 3.3 Shields
 + Level 3.3 Unarmed Combat
 + Level 3.3 Spellcasting
 + Level 2.7 Conjurations
 + Level 2.7 Hexes
 + Level 2.7 Summonings
 + Level 2.7 Necromancy
 + Level 2.7 Translocations
 + Level 2.7 Transmutations
 + Level 2.7 Fire Magic
 + Level 2.7 Ice Magic
 + Level 2.7 Air Magic
 + Level 2.7 Earth Magic
 + Level 2.7 Poison Magic
 + Level 6.0 Invocations
 + Level 3.3 Evocations


You had 13 spell levels left.
You didn't know any spells.
Your spell library contained the following spells:

 Spells                   Type           Power      Damage    Failure   Level
 Animate Skeleton         Necr           14%        N/A       67%         1
 Apportation              Tloc           14%        N/A       67%         1
 Freeze                   Ice            28%        1d5       67%         1
 Sandblast                Erth           14%        2d6       67%         1
 Summon Small Mammal      Summ           28%        N/A       67%         1
 Passwall                 Tmut/Erth      5%         N/A       80%         2
 Conjure Flame            Conj/Fire      7%         6-21      95%         3
 Ignite Poison            Fire/Tmut/Pois 7%         N/A       95%         3
 Stone Arrow              Conj/Erth      14%        3d7       95%         3
 Sticky Flame             Conj/Fire      7%         2d3       100%        4
 Conjure Ball Lightning   Conj/Air       3%         3x3d6     100%        6
 Discord                  Hex            3%         N/A       100%        8
 Disjunction              Tloc           3%         N/A       100%        8


Dungeon Overview and Level Annotations

Branches:
Dungeon (7/15)             Temple (0/1) D:6

Altars:
Ashenzari
Kikubaaqudgha
Makhleb
Zin

Shops:
D:2 *

Annotations:
D:7 3 runed translucent doors, StikS32's ghost, novice TrMo


Innate Abilities, Weirdness & Mutations

You have very sharp teeth.
Your uncanny sense of smell can sniff out nearby items.
Your experience applies equally to all skills.


Message History

You feel drained. The wight freezes you.
Your chain mail prevents you from hitting the wight.
The wight is almost destroyed.
The wight barely misses you. The wight closely misses you.
Unknown command.
You slash the wight!
You destroy the wight!
Lugonu accepts your kill.
The wight hits you with a +3 dire flail of freezing.
You feel drained. The wight freezes you.
Your Invocations skill increases to level 6!
The wight hits you but does no damage.
Things that are here:
a +0 hand axe; a +0 robe You barely miss the wight.
The wight hits you but does no damage.
You barely miss the wight. The wight hits you but does no damage.
Your chain mail prevents you from hitting the wight.
You bite the wight.
The wight is lightly damaged.
The wight barely misses you.
You hit the wight.
The wight is heavily damaged.
The wight hits you with a +3 dire flail of freezing!
You feel drained. The wight freezes you.
You hit the wight but do no damage.
The wight is heavily damaged.
The wight hits you with a +3 dire flail of freezing!
* * * LOW HITPOINT WARNING * * *
The wight freezes you.
* * * LOW HITPOINT WARNING * * *
You hit the wight but do no damage. Your bite misses the wight.
The wight is heavily damaged.
The wight hits you with a +3 dire flail of freezing.
* * * LOW HITPOINT WARNING * * *
The wight freezes you.
* * * LOW HITPOINT WARNING * * *
You hit the wight.
The wight is severely damaged.
The wight hits you with a +3 dire flail of freezing.
You die...

#...(.# #..............# #..
####.....####..............# ###
#..###.....................#
.....#...........#####.....#
.....#...........# #.....#
.....#...........# #.....#
#....#...........#####.....######
#....###'###...>z#...##'###......
......#....#....@#........#......
......'....#.....#........#......
.....#######.....#........#......
.....##....##....#........#######
............#....#...##...##.....
............#....#...##...##.....
............#....#........#######
............#....#........#......
....###+###+#....#........#......


You could see a wight.

Vanquished Creatures
  A water moccasin (D:6)
  2 ice beasts
  An ogre (D:5)
  A centaur (D:5)
  2 scorpions
  A water moccasin zombie (D:5)
  A wight (D:6)
  4 hounds
  A jelly (D:6)
  A gnoll shaman (D:4)
  Terence (D:2)
  3 iguanas
  4 orc wizards (D:6)
  10 gnolls
  An adder (D:6)
  A white imp (D:6)
  2 worms
  3 dart slugs
  28 orcs
  6 bats
  5 endoplasms
  3 giant cockroaches
  7 goblins
  2 hobgoblins
  3 jackals (D:2)
  7 quokkas
  4 ball pythons
  2 frilled lizards
  9 kobolds
  4 rats
120 creatures vanquished.

Vanquished Creatures (others)
  5 fungi (D:3)
  2 plants (D:2)
7 creatures vanquished.

Grand Total: 127 creatures vanquished

Notes
Turn   | Place    | Note
-------+----------+-------------------------------------------
     0 | Abyss:1  | Gargoyl the Gnoll Abyssal Knight began the quest for the
                  | Orb.
     0 | Abyss:1  | Reached XP level 1. HP: 23/23 MP: 3/3
    24 | Abyss:2  | Noticed a large abomination
    41 | Abyss:2  | Noticed a harpy skeleton
    41 | D:1      | Escaped the Abyss
   218 | D:1      | Reached * piety under Lugonu
   219 | D:1      | Reached XP level 2. HP: 29/29 MP: 5/5
   544 | D:1      | Found a faded altar of an unknown god.
   974 | D:2      | Reached XP level 3. HP: 35/35 MP: 6/6
  1345 | D:2      | Noticed Terence
  1368 | D:2      | Killed Terence
  1369 | D:2      | Reached skill level 1 in Short Blades
  1369 | D:2      | Reached skill level 1 in Long Blades
  1369 | D:2      | Reached skill level 1 in Maces & Flails
  1369 | D:2      | Reached skill level 1 in Polearms
  1369 | D:2      | Reached skill level 1 in Staves
  1369 | D:2      | Reached skill level 1 in Slings
  1369 | D:2      | Reached skill level 1 in Bows
  1369 | D:2      | Reached skill level 1 in Crossbows
  1369 | D:2      | Reached skill level 1 in Throwing
  1369 | D:2      | Reached skill level 1 in Stealth
  1369 | D:2      | Reached skill level 1 in Shields
  1369 | D:2      | Reached skill level 1 in Unarmed Combat
  1369 | D:2      | Reached skill level 1 in Spellcasting
  1369 | D:2      | Reached skill level 1 in Evocations
  1391 | D:2      | Reached XP level 4. HP: 37/41 MP: 7/7
  1826 | D:2      | Found Acobrosk's Assorted Antiques.
  2314 | D:3      | Found a broken altar of Ashenzari.
  2383 | D:3      | Reached skill level 1 in Conjurations
  2383 | D:3      | Reached skill level 1 in Hexes
  2383 | D:3      | Reached skill level 1 in Summonings
  2383 | D:3      | Reached skill level 1 in Necromancy
  2383 | D:3      | Reached skill level 1 in Translocations
  2383 | D:3      | Reached skill level 1 in Transmutations
  2383 | D:3      | Reached skill level 1 in Fire Magic
  2383 | D:3      | Reached skill level 1 in Ice Magic
  2383 | D:3      | Reached skill level 1 in Air Magic
  2383 | D:3      | Reached skill level 1 in Earth Magic
  2383 | D:3      | Reached skill level 1 in Poison Magic
  2385 | D:3      | Reached ** piety under Lugonu
  2438 | D:3      | Found an ancient bone altar of Kikubaaqudgha.
  2510 | D:3      | Reached XP level 5. HP: 34/47 MP: 8/8
  2526 | D:3      | Got Meicsyef's Witchcraft for Beginners
  2744 | D:3      | Found a glowing silver altar of Zin.
  3024 | D:2      | Bought a runed gilded ring for 120 gold pieces
  3689 | D:4      | Reached skill level 5 in Invocations
  3689 | D:4      | Reached XP level 6. HP: 53/53 MP: 9/9
  3908 | D:5      | Entered Level 5 of the Dungeon
  3909 | D:5      | Identified the +2 falchion of Destiny {freeze, rElec MP+9
                  | Str+4}
  3990 | D:5      | Reached skill level 5 in Axes
  3990 | D:5      | Reached skill level 5 in Armour
  4084 | D:5      | Reached XP level 7. HP: 41/59 MP: 10/10
  4162 | D:5      | Reached skill level 7 in Fighting
  4382 | D:5      | Found a burning altar of Makhleb.
  4640 | D:6      | Found a staircase to the Ecumenical Temple.
  4660 | D:6      | Reached XP level 8. HP: 67/67 MP: 12/12
  4764 | D:6      | Reached *** piety under Lugonu
  5457 | D:7      | Noticed StikS32's ghost (novice TrMo)
  5457 | D:7      | Found a runed translucent gate.
  5457 | D:7      | Found a runed translucent gate.
  5457 | D:7      | Found a runed translucent gate.
  5481 | D:6      | HP: 1/57 [wight (3)]
  5482 | D:6      | Slain by a wight

Illustrated notes

Levels and vault maps discovered:
D:1:      saegor_arrival_simple_c, layout_loops_corners, basic_ecumenical_altar
D:2:      layout_basic, serial_shops, nicolae_shop_overgrown_old_shop,
          skrybe_limestone_x, uniq_terence
D:3:      layout_loops_ring, mainiacjoe_overflow_catwalk,
          mainiacjoe_overflow_chevrons, zin_statuary
D:4:      layout_loops_ring, chequers_serial_rivers_marsh, minmay_misc_feat_rows
D:5:      layout_cave_pools, mainiacjoe_overflow_concentric_impassable
D:6:      layout_gridville, minmay_temple_entry_overgrown,
          chequers_serial_rivers_large_a
D:7:      layout_basic, mainiacjoe_overflow_six_doors_small,
          ebering_ghost_rock_garden, kennysheep_generic_room_9

Skill      XL: |  1  2  3  4  5  6  7  8 |
---------------+-------------------------+-----
Short Blades   | 1 2 3 |  3.3
Long Blades    | 1 2 3 |  3.3
Maces & Flails | 1 2 3 |  3.3
Polearms       | 1 2 3 |  3.3
Staves         | 1 2 3 |  3.3
Slings         | 1 2 3 |  3.3
Bows           | 1 2 3 |  3.3
Crossbows      | 1 2 3 |  3.3
Throwing       | 1 2 3 |  3.3
Stealth        | 1 2 3 |  3.3
Shields        | 1 2 3 |  3.3
Unarmed Combat | 1 2 3 |  3.3
Spellcasting   | 1 2 3 |  3.3
Evocations     | 1 2 3 |  3.3
Conjurations   | 1 2 |  2.7
Hexes          | 1 2 |  2.7
Summonings     | 1 2 |  2.7
Necromancy     | 1 2 |  2.7
Translocations | 1 2 |  2.7
Transmutations | 1 2 |  2.7
Fire Magic     | 1 2 |  2.7
Ice Magic      | 1 2 |  2.7
Air Magic      | 1 2 |  2.7
Earth Magic    | 1 2 |  2.7
Poison Magic   | 1 2 |  2.7
Dodging        | 3 4 |  4.3
Invocations    | 5 6 |  6.0
Axes           | 5 |  5.7
Armour         | 5 |  5.7
Fighting       | 7 |  7.4

Action                   |  1- 3 |  4- 6 |  7- 9 || total
-------------------------+-------+-------+-------++-------
Melee: Hand axe          |    90 |   148 |       ||   238
       Bite              |     7 |    17 |    16 ||    40
       Falchion          |       |    26 |   211 ||   237
       Punch             |       |       |     1 ||     1
Invok: Depart the Abyss  |     1 |       |       ||     1
  Use: Scroll            |     4 |     4 |     9 ||    17
 Stab: Sleeping          |     2 |       |       ||     2
Armor: Leather armour    |    10 |       |       ||    10
       Chain mail        |    23 |   141 |   313 ||   477
Dodge: Dodged            |    34 |    77 |   174 ||   285

Table legend: (Time is in decaauts)
 A = Elapsed time spent in this place.
 B = Non-inter-level travel time spent in this place.
 C = Inter-level travel time spent in this place.
 D = Time resting spent in this place.
 E = Time spent auto-exploring this place.
 F = Levels seen in this place.
 G = Mean time per level.
                   A        B        C        D        E       F      G
               +--------+--------+--------+--------+--------+-----+--------+
         Total |   5549 |   5123 |    426 |     42 |   3867 |   9 |  616.6 |
       Dungeon |   5508 |   5082 |    426 |     42 |   3851 |   7 |  786.9 |
         Abyss |     40 |     40 |      0 |      0 |     16 |   2 |   20.0 |
               +--------+--------+--------+--------+--------+-----+--------+

Top non-repeatable levels by time:
     D:2: 1387 daAuts
     D:6: 945 daAuts
     D:1: 901 daAuts
     D:3: 832 daAuts
     D:4: 769 daAuts
     D:5: 662 daAuts
 Abyss:2: 34 daAuts
     D:7: 10 daAuts
 Abyss:1: 6 daAuts
